Map: Torches LE

Players

Joeguar

  • Race: Terran Terran
  • League: Platinum
  • Spawn Location: 5:00

SubN - Winner!

  • Race: Zerg Zerg
  • League: Platinum
  • Spawn Location: 1:00

VOD

Have the link to the VOD?

Description

Time

  • Played on: July 20, 2025, 2:14 p.m.
  • Length: 5:12
Show
View Real Time Build Order
Export as new Build Order

Joeguar Terran 

Build Orders: Hellion Opening 

Get SALT Encoding   

  12  0:00  SCV  
  13  0:12  SCV  
  14  0:17  Supply Depot  
  14  0:24  SCV  
  15  0:29  Refinery  
  15  0:39  SCV  
  16  0:45  Barracks  
  16  0:51  Refinery  
  16  0:55  SCV  
  17  1:07  SCV  
  18  1:19  SCV  
  19  1:31  Barracks Reactor  
  19  1:34  Orbital Command  
  19  1:36  Factory  
  19  1:55  Supply Depot  
  19  2:00  SCV  
  20  2:07  Marine  
  20  2:08  Marine  
  22  2:12  SCV  
  23  2:26  SCV  
  24  2:35  Hellion x2  
  28  2:38  SCV  
  28  2:42  Command Center  
  29  2:47  Barracks Tech Lab  
  31  3:06  Hellion  
  31  3:11  Supply Depot  
  31  3:15  Hellion  
  31  3:17  Marine  
  31  3:19  Stimpack  
  34  3:21  SCV  
  35  3:29  Hellion  
  35  3:33  SCV  
  38  3:35  Marine  
  37  3:53  Hellion x2  
  35  4:17  Marauder, Widow Mine  
  35  4:18  SCV x2, Widow Mine  
  35  4:23  Barracks  
  41  4:28  Bunker  
  41  4:30  Orbital Command  
  41  4:33  SCV  
  28  5:07  Barracks  
  28  5:08  Bunker  
Show
View Real Time Build Order
Export as new Build Order

SubN Zerg - Winner!

Build Orders: Pool First 

Get SALT Encoding   

  12  0:00  Drone  
  13  0:12  Overlord  
  13  0:17  Drone  
  14  0:30  Drone x2  
  16  0:40  Drone  
  17  0:46  Spawning Pool  
  17  0:49  Drone  
  17  0:55  Drone  
  18  1:11  Hatchery  
  18  1:16  Drone  
  18  1:18  Extractor  
  17  1:25  Drone  
  18  1:30  Drone  
  19  1:34  Queen  
  21  1:44  Roach Warren  
  20  1:51  Overlord  
  20  1:56  Zergling x2  
  20  2:00  Zergling x2  
  22  2:14  Queen  
  24  2:17  Drone  
  25  2:26  Queen  
  27  2:31  Drone  
  27  2:33  Drone  
  29  2:43  Drone x2  
  31  2:54  Drone x3  
  31  2:55  Drone  
  33  3:10  Drone x3  
  36  3:24  Overlord x3  
  36  3:47  Roach x8  
  46  4:03  Roach x4  
  50  4:26  Drone x2  
  50  4:28  Overlord x2  
  48  4:59  Drone x11  
Tags
 
Add a new tag
Caveats
  • Supply blocks, unpowered buildings, or Contaminate may cause inaccurate times.
  • Supply counts are checked every 10 seconds.